 Dungeon Crawl Stone Soup version 0.26-a0-812-g31a745ddcd (webtiles) character file.

Game seed: 2121583204924337533

24980 lorenzova the Eclecticist (level 12, -2/59 HPs)
             Began as a Deep Elf Conjurer on Dec 4, 2020.
             Was a High Priest of Vehumet.
             Slain by a death yak (22 damage)
             ... in an ice cave.
             The game lasted 00:42:16 (19063 turns).

lorenzova the Eclecticist (Deep Elf Conjurer)      Turns: 19063, Time: 00:42:17

Health: -2/59      AC:  5    Str:  4    XL:     12   Next: 85%
Magic:  11/43      EV: 13    Int: 29    God:    Vehumet [*****.]
Gold:   914        SH:  0    Dex: 13    Spells: 21/43 levels left

rFire    x . .     SeeInvis .   K - +2 dagger (drain)
rCold    + + .     Faith    .   (no shield)
rNeg     . . .     Spirit   .   m - +2 robe {rC+}
rPois    .         Reflect  .   (no helmet)
rElec    .         Harm     .   u - +0 cloak
rCorr    .         Rampage  .   (no gloves)
MR       +....                  (no boots)
Stlth    ++........             o - amulet of the acrobat
HPRegen  0.19/turn              j - ring of ice
MPRegen  0.28/turn              H - ring of magical power

@: no status effects
A: no striking features
a: Renounce Religion


You were in an ice cave.
You worshipped Vehumet.
Vehumet was extremely pleased with you.
You visited 3 branches of the dungeon, and saw 15 of its levels.
You also visited: Ice Cave.

You collected 1024 gold pieces.
You spent 110 gold pieces at shops.

Inventory:

Hand Weapons
 K - a +2 dagger of draining (weapon)
Armour
 m - a +2 robe of cold resistance (worn)
 u - a +0 cloak (worn)
Jewellery
 j - a ring of ice (left hand)
 k - an uncursed ring of resist corrosion
 o - an amulet of the acrobat (around neck)
 w - the ring "Opreurr" {EV+4 Str+5}
   (You found it on level 10 of the Dungeon)

   [ring of evasion]

   It affects your evasion (+4).
   It affects your strength (+5).
 x - an uncursed ring of positive energy
 D - an uncursed ring of flight
 E - an uncursed ring of protection from fire
 H - a ring of magical power (right hand)
 N - an uncursed ring of ice
 T - the amulet "Xudassur" {Spirit +Fly rPois rN+ Str+5}
   (You found it in an ice cave)

   [amulet of guardian spirit]

   It causes incoming damage to be split between your health and magic.
   It affects your strength (+5).
   It protects you from poison.
   It protects you from negative energy.
   It lets you fly.
Wands
 p - a wand of polymorph (10)
 v - a wand of digging (10)
 y - a wand of random effects (30)
 L - a wand of disintegration (28)
 O - a wand of paralysis (13)
Scrolls
 a - 2 scrolls of enchant weapon {unknown}
 b - 4 scrolls of fog
 f - 3 scrolls of amnesia
 g - 3 scrolls of immolation
 h - 3 scrolls of blinking
 i - 2 scrolls of fear
 l - a scroll of vulnerability {unknown}
 q - 4 scrolls of teleportation
 t - 6 scrolls of magic mapping
 z - a scroll of brand weapon {unknown}
 B - 4 scrolls of remove curse
 G - a scroll of noise {unknown}
 J - 3 scrolls of enchant armour {unknown}
 Q - a scroll of silence {unknown}
Potions
 c - 3 potions of resistance
 d - a potion of mutation
 e - 3 potions of brilliance
 n - 5 potions of curing
 r - a potion of experience {unknown}
 s - 2 potions of might {unknown}
 A - a potion of attraction
 C - 2 potions of invisibility
 F - 2 potions of flight {unknown}
 I - a potion of ambrosia {unknown}
 M - a potion of berserk rage {unknown}
 P - a potion of cancellation {unknown}
 R - a potion of magic {unknown}


   Skills:
 - Level 2.4 Dodging
 - Level 2.4 Stealth
 * Level 16.2 Spellcasting
 * Level 14.4 Conjurations
 + Level 7.6 Hexes
 - Level 6.0 Translocations
 * Level 9.3 Fire Magic


You had 21 spell levels left.
You knew the following spells:

 Your Spells              Type           Power        Failure   Level
a - Magic Dart            Conj           ####         0%          1
b - Searing Ray           Conj           ######       0%          2
c - Iskenderun's Mystic   Conj/Tloc      ######..     1%          4
d - Fulminant Prism       Conj/Hex       ######....   1%          4
e - Foxfire               Conj/Fire      ####         0%          1
m - Iskenderun's Battles  Conj           #######.     1%          5
p - Blink                 Tloc           N/A          1%          2
x - Conjure Flame         Conj/Fire      #######.     1%          3

Your spell library contained the following spells:

 Spells                   Type           Power        Failure   Level
 Hailstorm                Conj/Ice       #######.     1%          4
 Animate Skeleton         Necr           ###...       1%          1
 Apportation              Tloc           ######       1%          1
 Beastly Appendage        Tmut           ###...       1%          1
 Corona                   Hex            ######.      1%          1
 Sandblast                Erth           ###...       1%          1
 Summon Small Mammal      Summ           ###.         1%          1
 Ensorcelled Hibernation  Hex/Ice        ######       1%          2
 Slow                     Hex            ######..     1%          2
 Confusing Touch          Hex            ######..     1%          3
 Dazzling Flash           Conj/Hex       ######       1%          3
 Gell's Gravitas          Tloc           ######....   1%          3
 Mephitic Cloud           Conj/Pois/Air  ######..     1%          3
 Stone Arrow              Conj/Erth      ######       1%          3
 Tukima's Dance           Hex            ######..     1%          3
 Call Imp                 Summ           ###.....     3%          2
 Passwall                 Tmut/Erth      ###.....     3%          2
 Poisonous Vapours        Pois/Air       ###...       3%          2
 Wereblood                Tmut           ###.....     3%          2
 Yara's Violent Unravell  Hex/Tmut       #####.....   3%          5
 Spider Form              Tmut/Pois      ###.......   6%          3
 Freezing Cloud           Conj/Ice/Air   ######....   11%         6
 Metabolic Englaciation   Hex/Ice        ######....   12%         5
 Lee's Rapid Deconstruct  Erth           ###.......   16%         5
 Ice Form                 Ice/Tmut       #####...     21%         4
 Petrify                  Tmut/Erth      ###.....     21%         4
 Blade Hands              Tmut           ###.......   50%         5


Dungeon Overview and Level Annotations

Branches:
Dungeon (12/15)            Temple (1/1) D:4            Lair (2/6) D:8
 Spider (0/4) Lair:2          Orc (0/2) D:10          IceCv (1/1)
  Swamp: Lair:2-4    Shoals: Lair:2-4     Snake: Lair:2-4

Altars:
Ashenzari
Cheibriados
Dithmenos
Elyvilon
Fedhas
Gozag
Hepliaklqana
Kikubaaqudgha
Makhleb
Nemelex Xobeh
Okawaru
Qazlal
Ru
Sif Muna
Uskayaw
Vehumet
Wu Jian
Xom
Yredelemnul
Zin
The Shining One

Shops:
D:5 ?*   D:9 [

Portals:
Trove: D:10 (give +5 demon trident)


Message History

You are engulfed in freezing vapours.
You resist.
You start resting.
A death yak is nearby!
The death yak is engulfed in freezing vapours.
Casting: Conjure Flame (safe; 1% risk of failure)
Confirm with . or Enter, or press ? or * to list all spells.
The fire begins to smolder!
The death yak bellows!
The fire ignites!
You hit the death yak but do no damage.
The death yak is moderately wounded.
The death yak is engulfed in blazing flames.
The death yak gores you!!
Casting: Conjure Flame (safe; 1% risk of failure)
Confirm with . or Enter, or press ? or * to list all spells.
You erupt in a blast of force!
The mystic blast hits the death yak!
The death yak is heavily wounded.
The death yak is engulfed in blazing flames.
The death yak gores you!!
You die...

#.## #...## ##.#
##...## #.####
#.#..## #.##☼##
###.†.#
#.°#☼☼######.#.#
#.#.≈§°§.##.##.##
##.##..☼..##.#†.#
##.##§##Y##.#.##
. ########@#.#.##
..
##.###..#..#.##
#Y.
#....#..###.†.#
..# ##......##
#.#†#..#
##..###.(.#
###...# ##..##
##.## ##.##
#...####### ##
##..###.#∩#
#..###....#


You could see a death yak.

Vanquished Creatures
  A slime creature (D:12)
  Fannar (D:12)
  3 hydras
  2 death yaks (IceCv)
  Sonja (D:10)
  A black mamba (Lair:1)
  A gargoyle (D:11)
  4 cane toads
  A rime drake (Lair:2)
  3 polar bears (IceCv)
  4 trolls
  A hornet (D:12)
  Grinder (D:4)
  2 jumping spiders (Lair:2)
  7 blink frogs (Lair:1)
  Sigmund (D:2)
  A basilisk (Lair:1)
  7 yaks
  Grum (D:11)
  4 wyverns
  A steam dragon (D:10)
  Menkaure (D:5)
  8 water moccasins
  Duvessa (D:4)
  10 ice beasts
  8 orc warriors
  3 sky beasts
  2 black bears
  4 phantoms
  3 ogres
  2 eyes of draining
  2 necrophages
  7 centaurs
  18 wolves
  2 big kobolds
  13 bullfrogs
  Blork the orc (D:4)
  4 earth elementals (D:11)
  A wyvern skeleton (D:11)
  6 scorpions
  2 troll zombies (D:10)
  Dowan (D:4)
  29 killer bees
  11 wights
  2 electric eels (D:6)
  3 howler monkeys
  A centaur zombie (D:11)
  6 hounds
  A quasit (D:8)
  2 bullfrog zombies
  Crazy Yiuf (D:4)
  2 jellies
  16 orc wizards
  2 centaur skeletons
  9 orc priests
  A bullfrog skeleton (D:8)
  5 iguanas
  11 worker ants
  7 hell rats (Lair:1)
  6 ogre zombies (D:10)
  A hound zombie (D:9)
  A hound skeleton (D:4)
  A worker ant zombie (D:7)
  4 gnolls
  8 adders
  A white imp (D:10)
  6 ufetubi
  2 oozes (D:1)
  An adder zombie (D:6)
  An adder skeleton (D:5)
  2 worms (D:2)
  A dart slug (D:1)
  7 leopard geckos
  49 orcs
  8 giant cockroaches
  2 goblins
  7 hobgoblins
  11 jackals
  16 kobolds
  6 quokkas
  3 ball pythons
  4 bats
  4 frilled lizards
  2 goblin skeletons (D:10)
  3 goblin zombies (D:10)
  A hobgoblin skeleton (D:10)
  A hobgoblin zombie (D:10)
  A jackal skeleton (D:6)
  3 orc skeletons (D:10)
  15 orc zombies (D:10)
  A quokka skeleton (D:7)
  8 rats
443 creatures vanquished.

Vanquished Creatures (others)
  3 polar bears (IceCv)
  39 fulminant prisms
  11 fungi
  9 plants
62 creatures vanquished.

Grand Total: 505 creatures vanquished

Notes
Turn   | Place    | Note
-------+----------+-------------------------------------------
     0 | D:1      | lorenzova the Deep Elf Conjurer began the quest for the
                  | Orb.
     0 | D:1      | Reached XP level 1. HP: 10/10 MP: 6/6
   268 | D:1      | Reached XP level 2. HP: 15/15 MP: 3/8
   315 | D:1      | Learned a level 2 spell: Searing Ray
   600 | D:1      | Found a snail-covered altar of Cheibriados.
   659 | D:1      | Reached skill level 4 in Spellcasting
   661 | D:1      | Reached skill level 5 in Conjurations
   675 | D:1      | Reached XP level 3. HP: 19/19 MP: 0/10
  1323 | D:2      | Noticed Sigmund
  1337 | D:2      | Killed Sigmund
  1337 | D:2      | Reached skill level 5 in Spellcasting
  1337 | D:2      | Reached XP level 4. HP: 15/24 MP: 3/13
  1337 | D:2      | Reached XP level 5. HP: 18/28 MP: 3/15
  1552 | D:2      | Found a snail-covered altar of Cheibriados.
  1563 | D:2      | Found a shimmering blue altar of Sif Muna.
  1643 | D:2      | Found an iron altar of Okawaru.
  1756 | D:2      | Reached skill level 6 in Spellcasting
  2012 | D:2      | Found a white marble altar of Elyvilon.
  2276 | D:2      | Found a burning altar of Makhleb.
  2279 | D:2      | Found a broken altar of Ashenzari.
  2282 | D:2      | Found a blossoming altar of Fedhas.
  2470 | D:3      | Reached XP level 6. HP: 32/32 MP: 14/17
  3784 | D:4      | Found a staircase to the Ecumenical Temple.
  3799 | Temple   | Entered the Ecumenical Temple
  4008 | D:4      | Reached skill level 7 in Spellcasting
  4153 | D:4      | Found a runed translucent door.
  4154 | D:4      | Noticed Crazy Yiuf
  4218 | D:4      | Noticed Dowan
  4227 | D:4      | Killed Dowan
  4395 | D:4      | Noticed Duvessa
  4438 | D:4      | Killed Duvessa
  4438 | D:4      | Reached XP level 7. HP: 36/36 MP: 13/20
  4570 | D:4      | Noticed Grinder
  4571 | D:4      | Paralysed by Grinder for 4 turns
  4586 | D:4      | Killed Grinder
  4586 | D:4      | Reached skill level 8 in Spellcasting
  4764 | D:4      | Noticed Blork the orc
  4768 | D:4      | Killed Blork the orc
  5103 | D:4      | Killed Crazy Yiuf
  5184 | D:5      | Entered Level 5 of the Dungeon
  5193 | D:5      | Reached skill level 9 in Spellcasting
  5224 | D:5      | Found a sparkling altar of Nemelex Xobeh.
  5271 | D:5      | Noticed Menkaure
  5275 | D:5      | Killed Menkaure
  5275 | D:5      | Reached XP level 8. HP: 15/41 MP: 18/23
  5672 | D:5      | Found Panooq's Magic Scroll Shop.
  5681 | D:5      | Bought a scroll of identify for 20 gold pieces
  5681 | D:5      | Bought a scroll of magic mapping for 35 gold pieces
  5681 | D:5      | Bought a scroll of magic mapping for 35 gold pieces
  5681 | D:5      | Bought a scroll of identify for 20 gold pieces
  5683 | D:5      | Found Bil Cutt's Assorted Antiques.
  5829 | D:5      | Learned a level 4 spell: Iskenderun's Mystic Blast
  5834 | D:5      | Learned a level 4 spell: Fulminant Prism
  5853 | D:5      | Reached skill level 10 in Spellcasting
  6544 | D:6      | Found a radiant altar of Vehumet.
  6586 | D:6      | Became a worshipper of Vehumet
  6651 | D:6      | Found an opulent altar of Gozag.
  6834 | D:6      | Reached skill level 10 in Conjurations
  6955 | D:6      | Reached skill level 11 in Spellcasting
  6955 | D:6      | Reached XP level 9. HP: 45/45 MP: 19/26
  7331 | D:6      | Noticed a +0 dagger
  7353 | D:6      | Noticed a +0 dagger
  7354 | D:6      | Found a hide-covered altar of Uskayaw.
  8326 | D:7      | Found a white marble altar of Elyvilon.
  8333 | D:7      | Reached * piety under Vehumet
  8333 | D:7      | Offered knowledge of Shock by Vehumet.
  8378 | D:7      | Reached skill level 12 in Spellcasting
  8568 | D:7      | Found a shimmering altar of Xom.
  8568 | D:7      | Found a shimmering altar of Xom.
  9418 | D:7      | Reached ** piety under Vehumet
  9418 | D:7      | Offered knowledge of Foxfire by Vehumet.
  9849 | D:8      | Learned a level 1 spell: Foxfire
  9854 | D:8      | Noticed a troll
  9857 | D:8      | Reached skill level 13 in Spellcasting
  9860 | D:8      | Reached skill level 1 in Fire Magic
  9863 | D:8      | Reached XP level 10. HP: 24/50 MP: 19/29
  9864 | D:8      | Reached skill level 1 in Hexes
 10138 | D:8      | Reached skill level 1 in Translocations
 10710 | D:8      | Found a staircase to the Lair.
 11352 | D:9      | Found Guxuvuti's Antique Armour Shop.
 12042 | D:10     | Entered Level 10 of the Dungeon
 12059 | D:10     | Offered knowledge of Frozen Ramparts by Vehumet.
 12283 | D:10     | Reached *** piety under Vehumet
 12304 | D:10     | Noticed Sonja
 12305 | D:10     | Offered knowledge of Inner Flame by Vehumet.
 13029 | D:9      | Learned a level 3 spell: Conjure Flame
 13032 | D:9      | Learned a level 2 spell: Blink
 13085 | D:10     | Found a staircase to the Orcish Mines.
 13099 | D:10     | Reached **** piety under Vehumet
 13114 | D:10     | Killed Sonja
 13114 | D:10     | Reached skill level 14 in Spellcasting
 13114 | D:10     | Reached skill level 5 in Fire Magic
 13114 | D:10     | Reached XP level 11. HP: 54/54 MP: 19/31
 13265 | D:10     | Got a flickering bronze ring
 13323 | D:10     | Identified the ring "Opreurr" {EV+4 Str+5} (You found it on
                  | level 10 of the Dungeon)
 13596 | D:10     | Found a portal to a secret trove of treasure.
 13864 | D:11     | Offered knowledge of Iskenderun's Battlesphere by Vehumet.
 14303 | D:11     | Noticed Grum
 14311 | D:11     | Killed Grum
 14796 | D:11     | Learned a level 5 spell: Iskenderun's Battlesphere
 15127 | D:12     | Noticed a five-headed hydra
 15132 | D:12     | Killed a five-headed hydra
 15132 | D:12     | Reached skill level 5 in Hexes
 15357 | D:12     | Reached ***** piety under Vehumet
 15440 | D:12     | Offered knowledge of Starburst by Vehumet.
 15663 | D:12     | Noticed Fannar
 15672 | D:12     | Killed Fannar
 16058 | D:12     | Noticed a four-headed hydra
 16064 | D:12     | Killed a four-headed hydra
 16064 | D:12     | Reached skill level 15 in Spellcasting
 16067 | D:12     | Reached skill level 5 in Translocations
 16269 | D:12     | Reached XP level 12. HP: 59/59 MP: 10/33
 16879 | Lair:1   | Entered Level 1 of the Lair of Beasts
 17898 | Lair:2   | Noticed a four-headed hydra
 17904 | Lair:2   | Killed a four-headed hydra
 18138 | Lair:2   | Found a frozen archway.
 18178 | IceCv    | Entered an ice cave
 18700 | IceCv    | Got a crude sapphire amulet
 18708 | IceCv    | Identified the amulet "Xudassur" {Spirit +Fly rPois rN+
                  | Str+5} (You found it in an ice cave)
 18722 | IceCv    | Reached skill level 16 in Spellcasting
 18880 | IceCv    | Offered knowledge of Hailstorm by Vehumet.
 18948 | IceCv    | Noticed a death yak
 18957 | IceCv    | Killed a death yak
 18958 | IceCv    | Noticed a death yak
 18969 | IceCv    | Noticed a death yak
 18991 | IceCv    | Killed a death yak
 19063 | IceCv    | Slain by a death yak

Illustrated notes

Levels and vault maps discovered:
D:1:      grunt_arrival_crossed_arrows, layout_basic, cheibriados_altar_1
D:2:      layout_basic, elyvilon_altar_3, grunt_temple_overflow_diamond,
          lemuel_crystal_altar, okawaru_trees_2, lemuel_altar_in_water,
          uniq_sigmund
D:3:      layout_basic, serial_curves, eino_curves_01, eino_curves_02
D:4:      layout_loops_cross, minmay_temple_entry_stoned_glass,
          saegor_snake_ambush, uniq_blork_the_orc, uniq_grinder, uniq_duvessa,
          uniq_crazy_yiuf_cottage
D:5:      layout_basic, serial_shops, shop_statue, shop,
          nemelex_lonely_heart_becter, uniq_menkaure
D:6:      layout_loops_cross, kennysheep_little_box, dancing_weapons_uskayaw,
          vehumet_crystals, minmay_misc_feat_secret_circle,
          kennysheep_minor_cross, minivault_23
D:7:      minmay_razor_zed, layout_layer_cave, xom_redecorated, basic_altar
D:8:      layout_basic, lair_entry_dummy
D:9:      layout_rooms, nicolae_overflow_hidden_temple, serial_corexii_hall,
          corexii_hall_statues_i, corexii_hall_statues_i,
          corexii_hall_statues_i, chequers_hall_statues_corner_a, serial_shops,
          shop
D:10:     layout_rooms, zombieorc2_lemuel, trove_entry_hex_spiral,
          solitary_fountain, serial_bayou_pond_d, uniq_sonja
D:11:     minmay_stone_box, layout_gridville, grunt_ogre_cave, uniq_grum
D:12:     layout_grid_maze, uniq_fannar
Temple:   minmay_temple_curvy_loop
Lair:1:   layout_roguey
Lair:2:   layout_roguey, nicolae_spider_entry_tight_spaces,
          portal_ice_cave_entry_ice_beasts
IceCv:    ice_cave_caverns_03

Skill      XL: |  1  2  3  4  5  6  7  8  9 10 11 12 |
---------------+-------------------------------------+-----
Spellcasting   | 4 5 6 7 9 11 13 14 15 16 | 16.2
Conjurations   | 5 6 7 8 10 11 12 13 14 | 14.4
Fire Magic     | 1 5 7 9 |  9.3
Hexes          | 4 6 7 |  7.6
Translocations | 3 5 6 |  6.0
Dodging        | |  2.4
Stealth        | |  2.4

Action                   |  1- 3 |  4- 6 |  7- 9 | 10-12 || total
-------------------------+-------+-------+-------+-------++-------
Melee: Unarmed           |     3 |       |       |       ||     3
       Dagger            |       |       |       |     2 ||     2
 Cast: Magic Dart        |    41 |    62 |   142 |   268 ||   513
       Searing Ray       |     2 |    16 |    63 |    58 ||   139
       Fulminant Prism   |       |       |     5 |    34 ||    39
       Iskenderun's Myst |       |       |     8 |   107 ||   115
       Iskenderun's Batt |       |       |       |    40 ||    40
       Conjure Flame     |       |       |       |     8 ||     8
  Use: Scroll            |     1 |     4 |     7 |     9 ||    21
Armor: Robe              |     2 |       |     1 |    10 ||    13
Dodge: Dodged            |     4 |     6 |    28 |    83 ||   121

Table legend: (Time is in decaauts)
 A = Elapsed time spent in this place.
 B = Non-inter-level travel time spent in this place.
 C = Inter-level travel time spent in this place.
 D = Time resting spent in this place.
 E = Time spent auto-exploring this place.
 F = Levels seen in this place.
 G = Mean time per level.
                   A        B        C        D        E       F      G
               +--------+--------+--------+--------+--------+-----+--------+
         Total |  19097 |  18021 |   1076 |   6804 |   9149 |  16 | 1193.6 |
       Dungeon |  16707 |  15713 |    994 |   5693 |   8466 |  12 | 1392.2 |
        Temple |    205 |    181 |     24 |      0 |    181 |   1 |  205.0 |
          Lair |   1299 |   1242 |     57 |    481 |    502 |   2 |  649.5 |
      Ice Cave |    884 |    884 |      0 |    630 |      0 |   1 |  884.0 |
               +--------+--------+--------+--------+--------+-----+--------+

Top non-repeatable levels by time:
     D:7: 1951 daAuts
     D:9: 1894 daAuts
     D:6: 1619 daAuts
    D:12: 1542 daAuts
    D:11: 1377 daAuts
     D:1: 1344 daAuts
     D:3: 1286 daAuts
     D:4: 1249 daAuts
     D:5: 1248 daAuts
     D:2: 1120 daAuts
     D:8: 1107 daAuts
  Lair:1: 1044 daAuts
    D:10: 966 daAuts
   IceCv: 884 daAuts
  Lair:2: 255 daAuts
